 Dungeon Crawl Stone Soup version 0.22-a0-280-g69bf1f3 (webtiles) character file.

5183 Serpenta the Cleaver (level 10, 0/102 HPs)
             Began as a Naga Chaos Knight on Mar 16, 2018.
             Slain by a blizzard demon (8 damage)
             ... summoned by a lich
             ... on level 2 of the Abyss.
             The game lasted 00:20:43 (9496 turns).

Serpenta the Cleaver (Naga Chaos Knight)            Turns: 9496, Time: 00:20:43

Health: 0/102      AC: 15    Str: 18    XL:     10   Next: 60%
Magic:  22/22      EV: 14    Int: 12    God:    Xom [....*.]
Gold:   233        SH:  8    Dex: 19    Spells: 9/9 levels left

rFire    . . .     SeeInvis +   l - +4 battleaxe (chop)
rCold    . . .     Gourm    .   (shield currently unavailable)
rNeg     . . .     Faith    .   b - +3 leather armour
rPois    +         Spirit   .   x - +1 helmet of Freedom {god gift, MP+9 Dex+3}
rElec    +         Reflect  +   d - +0 cloak
rCorr    .         Harm     .   (no gloves)
MR       +....                  (no barding)
Stlth    ++........             r - +4 amulet of reflection
HPRegen  0.27/turn              m - ring of flight
MPRegen  0.18/turn              q - ring "Acao" {rElec AC+2}

@: agile, drained, very slow
A: large, stinger 1, large bone plates 1, slimy green scales 1, see invisible,
deformed body, mutation resistance 1, poison resistance, slowness 2, slow
metabolism 1, spit poison 1, AC +3
a: Spit Poison, Renounce Religion, Evoke Flight


You were on level 2 of the Abyss.
You worshipped Xom.
You were a beloved toy of Xom.
You were not hungry.

You visited 1 branch of the dungeon, and saw 9 of its levels.
You visited the Abyss 1 time.

You collected 794 gold pieces.
You spent 561 gold pieces at shops.


Innate Abilities, Weirdness & Mutations

You cannot wear boots.
Your serpentine skin is tough. (AC +3)
You have supernaturally acute eyesight. (SInv)
Armour fits poorly on your strangely shaped body.
Your system is resistant to poisons. (rPois)
You cover ground very slowly.
You have a slow metabolism.
You can spit poison.
Your tail ends in a poisonous barb.
You are partially covered in large bone plates. (SH +4)
You are partially covered in slimy green scales. (AC +2)
You are somewhat resistant to further mutation.


   Skills:
 - Level 10.0(9.7) Fighting
 + Level 11.2(10.9) Axes
 - Level 1.5(1.3) Armour
 - Level 0.7(0.5) Dodging
 + Level 5.0(4.8) Evocations


You had 9 spell levels left.
You didn't know any spells.

Action                   |  1- 3 |  4- 6 |  7- 9 | 10-12 || total
-------------------------+-------+-------+-------+-------++-------
Melee: Hand axe          |    51 |   131 |    19 |       ||   201
       War axe           |       |       |   150 |       ||   150
       Battleaxe         |       |       |   127 |    88 ||   215
       Tailslap          |       |       |    30 |    10 ||    40
 Abil: Spit Poison       |     5 |     8 |    15 |     8 ||    36
  Use: Scroll            |     1 |       |    12 |     2 ||    15
       Potion            |       |       |     8 |     2 ||    10
 Stab: Paralysed         |       |     1 |     2 |       ||     3
       Invisible         |       |       |     3 |       ||     3
       Confused          |       |       |     1 |       ||     1
       Sleeping          |       |       |     1 |       ||     1
  Eat: Chunk             |       |     7 |     6 |     2 ||    15
       Ration            |       |       |     2 |     3 ||     5
Armor: Leather armour    |    35 |    48 |   128 |    62 ||   273
       Skin              |       |       |     8 |       ||     8
Dodge: Dodged            |    43 |    64 |   141 |    50 ||   298
Block: Other             |       |       |    87 |    52 ||   139
       Reflection        |       |       |     4 |       ||     4

Inventory:

Hand Weapons
 a - a +1 hand axe of chaos
 l - a +4 battleaxe of chopping (weapon)
Missiles
 v - a throwing net (quivered)
Armour
 b - a +3 leather armour (worn)
 d - a +0 cloak (worn)
 x - the +1 helmet of Freedom (worn) {god gift, MP+9 Dex+3}
   (Xom gifted it to you on level 6 of the Dungeon)

   It affects your dexterity (+3).
   It affects your magic capacity (+9).
 y - a +0 troll leather armour
Jewellery
 e - an uncursed amulet of guardian spirit {unknown}
 j - an uncursed amulet of magic regeneration
 m - a ring of flight (left hand)
 q - the ring "Acao" (right hand) {rElec AC+2}
   (You bought it in a shop on level 5 of the Dungeon)

   [ring of protection]

   It affects your AC (+2).
   It insulates you from electricity.
 r - a +4 amulet of reflection (around neck)
Wands
 t - a wand of paralysis (13)
 z - a wand of acid (8)
Scrolls
 g - a scroll of amnesia
 i - 2 scrolls of fog
 n - 2 scrolls of remove curse
 u - 2 scrolls of identify
 A - 3 scrolls of magic mapping
Potions
 f - 2 potions of agility
 h - 2 potions of degeneration
 o - 2 potions of magic
 p - 2 potions of cancellation
 s - a potion of brilliance
 w - a potion of resistance {god gift}
Comestibles
 c - 4 rations

...## #... .
# #./. .. #.#
###..# .#
..#....##..##
...........
#..L......
#2@# #....#.#
#... #.# ##.
#.## #. ###)
## . .#
#####...#
#... #
#..#.#.....#
#.........#
..# #.##
#..#.# ...


You could see a lich and a blizzard demon.

Vanquished Creatures
  Joseph (D:7)
  A troll (D:9)
  Prince Ribbit (D:5)
  A wyvern (D:8)
  A fire bat (D:9)
  A hungry ghost (D:9)
  An orc warrior (D:7)
  4 ice beasts
  A small abomination (Abyss:2)
  3 ogres
  2 phantoms (D:9)
  2 centaurs
  2 bullfrogs
  A gnoll sergeant (D:7)
  5 scorpions
  Dowan (D:4)
  6 killer bees (D:8)
  10 wights
  A howler monkey (D:8)
  4 crimson imps
  A bullfrog zombie (D:7)
  4 hounds
  5 orc priests
  A bullfrog skeleton (D:7)
  A jelly (D:8)
  2 iguanas
  Jessica (D:2)
  7 orc wizards
  A worker ant (D:7)
  3 hound skeletons
  A worker ant zombie (D:6)
  5 adders
  10 gnolls
  2 oozes (D:6)
  2 worms
  A dart slug (D:3)
  5 leopard geckos
  26 orcs
  4 ball pythons
  8 bats
  5 giant cockroaches
  7 goblins
  5 hobgoblins
  10 jackals
  2 quokkas
  4 frilled lizards
  A kobold (D:1)
  A leopard gecko skeleton (D:5)
  6 rats
180 creatures vanquished.

Vanquished Creatures (collateral kills)
  A sky beast (D:5)
  A killer bee (D:5)
2 creatures vanquished.

Vanquished Creatures (others)
  A spatial maelstrom (Abyss:2)
  The ghost of Ghella the Skirmisher, an amateur FoFi (D:3)
  A centaur (D:7)
3 creatures vanquished.

Grand Total: 185 creatures vanquished

Vault maps used:
D:1:      tarquinn_simple_flora_water_a
D:2:      gammafunk_temple_overflow_statue, grunt_decor_one_mirror, uniq_jessica
D:3:      zin_scriptorium, makhleb_heckhound_becter,
          chequers_ecumenical_altar_island, serial_bayou_lagoon_a
D:4:      elyvilon_altar_5, first_ration, patterned_corridor, uniq_duvessa,
          uniq_menkaure, uniq_grinder
D:5:      temple_pool_b, serial_shops, shop, uniq_sigmund, uniq_prince_ribbit1
D:6:      nicolae_qazlal_eye_of_the_storm, lemuel_crystal_altar,
          lemuel_doored_altar, serial_glass, glass_columns_b, glass_columns_b,
          glass_columns_b, glass_columns_a, glass_columns_a, glass_columns_c,
          nicolae_ru_great_annihilating_truth
D:7:      serial_shops, nicolae_shop_crystal, uniq_joseph
D:9:      lemuel_crystal_altar
Abyss:2:  hangedman_decor_riveting, hangedman_abyss_feature_spike


Message History

You hit the blizzard demon but do no damage.
The lich touches you.
* * * LOW HITPOINT WARNING * * *
You feel drained. You block the blizzard demon's attack.
The blizzard demon hits you but does no damage.
You slash the lich!
You tail-slap the lich, but do no damage.
The lich is moderately damaged.
You closely miss the blizzard demon. The lich touches you.
* * * LOW HITPOINT WARNING * * *
The blizzard demon hits you but does no damage.
The blizzard demon hits you.
* * * LOW HITPOINT WARNING * * *
You barely miss the lich.
The lich is moderately damaged.
You hit the blizzard demon but do no damage.
You block the lich's attack. The blizzard demon barely misses you.
The blizzard demon hits you!
You die...
Xom is highly amused!

Notes
Turn   | Place    | Note
-------+----------+-------------------------------------------
     0 | D:1      | Serpenta the Naga Chaos Knight began the quest for the Orb.
     0 | D:1      | Reached XP level 1. HP: 21/21 MP: 1/1
    54 | D:1      | XOM: divination: detect items
   143 | D:1      | XOM: potion effect (brilliance)
   148 | D:1      | Reached XP level 2. HP: 21/28 MP: 2/2
   695 | D:2      | XOM: harmless Tloc miscast
   754 | D:2      | XOM: harmless Necr miscast
   887 | D:2      | Found an iron altar of Okawaru.
   888 | D:2      | Found a shadowy altar of Dithmenos.
  1111 | D:2      | Reached XP level 3. HP: 34/34 MP: 3/3
  1145 | D:2      | Noticed Jessica
  1153 | D:2      | Killed Jessica
  1153 | D:2      | Reached skill level 4 in Axes
  1153 | D:2      | Reached XP level 4. HP: 44/44 MP: 4/4
  1261 | D:2      | XOM: silly message
  1322 | D:2      | XOM: harmless Summ miscast
  1568 | D:3      | Found a faded altar of an unknown god.
  1608 | D:3      | XOM: harmless Necr miscast
  1643 | D:3      | Found a glowing silver altar of Zin.
  1789 | D:3      | Noticed Ghella's ghost (amateur FoFi)
  1790 | D:3      | XOM: polymorph rat -> frilled lizard
  1805 | D:3      | XOM: scenery: 1 doors open
  1807 | D:3      | XOM: scenery: 1 doors close
  2048 | D:2      | XOM: scenery: 1 doors close
  2050 | D:3      | XOM: smoke on damage
  2052 | D:3      | XOM: cleaving
  2056 | D:2      | XOM: scenery: 1 doors open
  2285 | D:2      | XOM: harmless Tmut miscast
  2607 | D:3      | XOM: noise
  2612 | D:3      | Reached XP level 5. HP: 43/51 MP: 5/5
  2704 | D:3      | XOM: harmless Tloc miscast
  2915 | D:3      | Found a burning altar of Makhleb.
  3266 | D:3      | Banished Ghella's ghost
  3266 | D:3      | Reached skill level 5 in Fighting
  3266 | D:3      | Reached skill level 5 in Axes
  3266 | D:3      | Reached XP level 6. HP: 61/61 MP: 6/6
  3533 | D:4      | Found a white marble altar of Elyvilon.
  3534 | D:4      | Noticed Dowan
  3535 | D:4      | Noticed Duvessa
  3558 | D:4      | Killed Dowan
  3568 | D:5      | Entered Level 5 of the Dungeon
  3626 | D:5      | Noticed Sigmund
  3626 | D:5      | Noticed an ice beast
  3626 | D:5      | XOM: summons 2 friendly demons
  3643 | D:5      | XOM: cleaving
  3844 | D:5      | Noticed Sigmund
  3844 | D:5      | Sigmund changed into Sigmund the gnoll
  3844 | D:5      | XOM: polymorph Sigmund -> Sigmund the gnoll
  3852 | D:5      | XOM: god gift: scroll labeled SERPHI ALLARO {god gift}
  3856 | D:5      | Killed Sigmund the gnoll
  3857 | D:5      | XOM: cast spell 'Summon Ice Beast'
  3866 | D:5      | Killed an ice beast
  3866 | D:5      | Reached XP level 7. HP: 30/68 MP: 7/7
  4102 | D:5      | XOM: fog
  4110 | D:5      | Reached skill level 6 in Axes
  4134 | D:5      | XOM: summons friendly smoke demon
  4137 | D:5      | XOM: polymorph smoke demon -> ynoxinul
  4398 | D:5      | XOM: 1-stop teleportation journey
  4492 | D:5      | Noticed Prince Ribbit
  4504 | D:5      | XOM: potion effect (invisibility)
  4510 | D:5      | XOM: divination: detect items
  4518 | D:5      | Killed Prince Ribbit
  4562 | D:5      | Reached XP level 8. HP: 13/78 MP: 8/8
  4608 | D:5      | XOM: scenery: create altars
  4627 | D:6      | Found an ornate altar of the Wu Jian Council.
  4660 | D:6      | XOM: 3-stop teleportation journey
  4736 | D:6      | XOM: give mutations
  4736 | D:6      | Gained mutation: You are partially covered in large bone plates. (SH +4) [Xom's grace]
  4736 | D:6      | Gained mutation: You are agile. (Dex +2) [Xom's grace]
  4736 | D:6      | Gained mutation: You are partially covered in slimy green scales. (AC +2) [Xom's grace]
  4736 | D:6      | Gained mutation: Your tail ends in a poisonous barb. [Xom's grace]
  4849 | D:6      | XOM: 3-stop teleportation journey
  4930 | D:6      | Found a stormy altar of Qazlal.
  4958 | D:6      | Reached skill level 7 in Axes
  5167 | D:5      | Found Koxt's Jewellery Emporium.
  5470 | D:5      | Found a staircase to the Ecumenical Temple.
  5516 | D:5      | XOM: destruction
  6046 | D:5      | XOM: god gift: 410 gold pieces {god gift}
  6074 | D:5      | Bought the ring "Acao" {rElec AC+2} for 264 gold pieces
  6074 | D:5      | Bought a +4 amulet of reflection for 297 gold pieces
  6074 | D:5      | XOM: medium Tloc miscast
  6384 | D:6      | Reached skill level 8 in Axes
  6386 | D:6      | XOM: potion effect (berserk rage)
  6387 | D:6      | XOM: summons friendly iron imp
  6612 | D:6      | Found a hide-covered altar of Uskayaw.
  6619 | D:6      | XOM: summons 2 friendly demons
  6645 | D:6      | XOM: harmless Necr miscast
  6713 | D:6      | XOM: divination: magic mapping
  6774 | D:6      | Found a sacrificial altar of Ru.
  6782 | D:6      | Reached XP level 9. HP: 90/90 MP: 9/9
  6795 | D:6      | XOM: god gift: potion of resistance {god gift}
  6837 | D:6      | XOM: god gift: bloodstained helmet {god gift}
  6840 | D:6      | Got a bloodstained helmet {god gift}
  6846 | D:6      | Identified the +1 helmet of Freedom {god gift, MP+9 Dex+3} (Xom gifted it to you on level 6 of the Dungeon)
  6934 | D:6      | XOM: harmless Pois miscast
  6982 | D:7      | Noticed Joseph
  6984 | D:7      | XOM: 1-stop teleportation journey
  6988 | D:7      | XOM: enchant monster (bad)
  6995 | D:7      | XOM: butterfly on damage
  7002 | D:7      | Reached skill level 9 in Axes
  7023 | D:7      | XOM: summons 4 hostile demons
  7024 | D:7      | Noticed a red devil
  7440 | D:7      | Found Caxum's Armour Shoppe.
  7590 | D:7      | XOM: swap monsters
  7596 | D:7      | Killed Joseph
  7816 | D:7      | Reached skill level 10 in Fighting
  7816 | D:7      | Reached skill level 10 in Axes
  8007 | D:8      | Reached skill level 1 in Evocations
  8007 | D:8      | Reached XP level 10. HP: 82/102 MP: 11/11
  8704 | D:8      | XOM: give mutations
  8704 | D:8      | Gained mutation: You are somewhat resistant to further mutation. [Xom's mischief]
  8704 | D:8      | Gained mutation: You are weak. (Str -2) [Xom's mischief]
  8704 | D:8      | Lost mutation: You are agile. (Dex +2) [Xom's mischief]
  8704 | D:8      | Lost mutation: You are weak. (Str -2) [Xom's mischief]
  8926 | D:9      | XOM: summons 5 hostile demons
  8964 | D:9      | XOM: confusion
  8965 | D:9      | XOM: fake destruction
  8970 | D:9      | XOM: summons 2 hostile demons
  8971 | D:9      | Noticed a smoke demon
  9229 | D:9      | XOM: polymorph bullfrog -> fire bat
  9286 | D:9      | XOM: mild Hex miscast
  9292 | D:9      | Reached skill level 11 in Axes
  9356 | D:9      | Found a sparkling altar of Nemelex Xobeh.
  9381 | D:9      | XOM: medium Tloc miscast
  9381 | D:9      | Cast into level 2 of the Abyss (the severe capriciousness of Xom)
  9382 | Abyss:2  | Noticed a spatial maelstrom
  9395 | Abyss:2  | Killed a spatial maelstrom
  9395 | Abyss:2  | XOM: divine lightning
  9474 | Abyss:2  | XOM: scenery: create altars
  9488 | Abyss:2  | Reached skill level 5 in Evocations
  9491 | Abyss:2  | Noticed a lich
  9493 | Abyss:2  | Noticed a blizzard demon
  9496 | Abyss:2  | Slain by a blizzard demon
